 Dungeon Crawl Stone Soup version 0.27.0-1-g7a089689b8 (webtiles) character file.

Game seed: 5084683073369442338

513 HungrySpirit the Skirmisher (level 7, -7/60 HPs)
             Began as a Mummy Abyssal Knight on Aug 1, 2021.
             Was a Believer of Lugonu.
             Mangled by Duvessa (11 damage)
             ... on level 4 of the Dungeon.
             The game lasted 00:10:13 (4724 turns).

HungrySpirit the Skirmisher (Mummy Abyssal Knight)  Turns: 4724, Time: 00:10:13

Health: -7/60      AC:  9    Str: 15    XL:     7   Next: 0%
Magic:  0/8        EV: 10    Int: 11    God:    Lugonu [**....]
Gold:   204        SH:  0    Dex: 20    Spells: 6/6 levels left

rFire    x . .     SeeInvis .   i - +2 short sword (venom)
rCold    + . .     Faith    .   (no shield)
rNeg     + + +     Spirit   +   h - +0 ring mail
rPois    ∞         Reflect  .   l - +1 helmet
rElec    .         Harm     .   (no cloak)
rCorr    .         Rampage  .   d - +1 pair of gloves
Will     .....                  (no boots)
Stlth    +.........             m - amulet of guardian spirit
HPRegen  0.20/turn              n - +6 ring of dexterity
MPRegen  0.11/turn              (no ring)

@: no status effects
A: cold resistance 1, negative energy resistance 3, torment resistance 2, heat
vulnerability 1, no potions
a: Renounce Religion, Depart the Abyss, Bend Space


You were on level 4 of the Dungeon.
You worshipped Lugonu.
Lugonu was pleased with you.
You visited 1 branch of the dungeon, and saw 4 of its levels.
You visited the Abyss 1 time.

You collected 204 gold pieces.

Inventory:

Hand Weapons
 g - a +0 long sword
 i - a +2 short sword of venom (weapon)
Missiles
 e - 10 poisoned darts (quivered)
Armour
 d - a +1 pair of gloves (worn)
 h - a +0 ring mail (worn)
 l - a +1 helmet (worn)
Jewellery
 k - an amulet of magic regeneration
 m - an amulet of guardian spirit (around neck)
 n - a +6 ring of dexterity (left hand)
Scrolls
 a - a scroll of noise {unknown}
 b - 2 scrolls of amnesia {unknown}
 c - 2 scrolls of teleportation {unknown}
 f - a scroll of enchant weapon {unknown}
 j - 8 scrolls of identify {unknown}


   Skills:
 + Level 7.2 Fighting
 - Level 1.5(2.0) Short Blades
 + Level 1.5(2.0) Long Blades
 + Level 2.4 Armour
 - Level 0.7 Dodging
 - Level 1.5 Invocations


You had 6 spell levels left.
You didn't know any spells.
Your spell library contained the following spells:

 Spells                   Type           Power      Damage    Failure   Level
 Freeze                   Ice            0%         1d3       56%         1
 Sting                    Tmut/Pois      0%         1d3       56%         1
 Passwall                 Tmut/Erth      0%         N/A       71%         2
 Poisonous Vapours        Pois/Air       0%         N/A       71%         2
 Conjure Flame            Conj/Fire      0%         6-21      90%         3
 Frozen Ramparts          Ice            0%         1d2       90%         3
 Ignite Poison            Fire/Tmut/Pois 0%         N/A       90%         3
 Swiftness                Air            0%         N/A       90%         3
 Hailstorm                Conj/Ice       0%         3d3       100%        4
 Olgreb's Toxic Radiance  Pois           0%         N/A       100%        4
 Sticky Flame             Conj/Fire      0%         2d3       100%        4
 Invisibility             Hex            0%         N/A       100%        6


Dungeon Overview and Level Annotations

Branches:
Dungeon (4/15)
 Temple: D:4-7

Altars:

Annotations:
D:3 2 transporters, Anothat's ghost, amateur GnWr
D:4 Duvessa


Innate Abilities, Weirdness & Mutations

You are immune to poison.
Your flesh is cold resistant. (rC+)
You are immune to negative energy. (rN+++)
You are immune to unholy pain and torment.
You are vulnerable to heat. (rF-)
You do not drink.


Message History

g - Guard the area. f - Follow me.
Anything else - Cancel.
You shout for attention!
You start waiting.
Done waiting.
There is a stone staircase leading down here.
Duvessa goes berserk!
Throw: 11 darts (poison)
Press: ? - help, Q - select action, (/) - cycle Shift-Dir - straight line, f - Duvessa
Aim: Duvessa, wielding a +0 short sword, wearing a +0 chain mail and wearing a ring of protection from cold (berserk, 75% to hit)
You throw a poisoned dart. The poisoned dart hits Duvessa.
You hit Duvessa but do no damage.
Duvessa is poisoned.
Duvessa barely misses you. Duvessa hits you with a +0 short sword!
You hit Duvessa but do no damage.
Duvessa looks as sick as possible!
Duvessa hits you but does no damage. Duvessa hits you with a +0 short sword.
Duvessa hits you with a +0 short sword!
You hit Duvessa.
Duvessa looks as sick as possible!
Duvessa is moderately wounded.
Duvessa hits you with a +0 short sword.
You hit Duvessa but do no damage.
Duvessa looks as sick as possible!
Duvessa is moderately wounded.
Duvessa hits you with a +0 short sword! Duvessa barely misses you.
You hit Duvessa but do no damage.
Duvessa is moderately wounded.
Duvessa hits you with a +0 short sword. Duvessa hits you with a +0 short sword!
* * * LOW HITPOINT WARNING * * *
You see here a +0 mace.
Duvessa rages.
Duvessa hits you with a +0 short sword.
* * * LOW HITPOINT WARNING * * *
Duvessa hits you but does no damage.
You hit Duvessa but do no damage.
Duvessa looks as sick as possible!
Duvessa is heavily wounded.
Duvessa hits you with a +0 short sword!
* * * LOW HITPOINT WARNING * * *
Duvessa barely misses you.
Duvessa rages.
Duvessa hits you with a +0 short sword!
You die...

#.#§# # .... .. ...
... ... .... #.##
..... #..##
......####...##
......'@e.....#
......###..(.##
..... ##.#...##
.... ##.##.##.##
... #.###.###.# #'#
#.# #.)...#
####.####.#######.#
#.......##.## #..#
#.##.##.###.###.#.#


You could see Duvessa (berserk, extremely poisoned).

Vanquished Creatures
  A sky beast (D:3)
  An ogre (D:4)
  A scorpion (D:4)
  Dowan (D:4)
  2 iguanas
  Jessica (D:2)
  A hound skeleton (D:4)
  Robin (D:2)
  3 adders
  An adder skeleton (D:4)
  3 worms
  4 dart slugs
  An orc (D:2)
  9 ball pythons
  2 endoplasms (D:2)
  A giant cockroach (D:2)
  16 goblins
  10 hobgoblins
  5 jackals
  6 kobolds
  3 quokkas
  3 bats
  7 frilled lizards
  7 rats
90 creatures vanquished.

Notes
Turn   | Place    | Note
-------+----------+-------------------------------------------
     0 | Abyss:1  | HungrySpirit the Mummy Abyssal Knight began the quest for
                  | the Orb.
     0 | Abyss:1  | Reached XP level 1. HP: 18/18 MP: 2/2
    36 | Abyss:1  | Noticed a wight
    79 | Abyss:2  | Noticed a small abomination
    84 | Abyss:2  | Noticed a raiju
   100 | Abyss:2  | Noticed a smoke demon
   106 | Abyss:2  | Noticed an apocalypse crab
   108 | D:1      | Escaped the Abyss
   255 | D:1      | Reached XP level 2. HP: 23/24 MP: 3/3
   255 | D:1      | Reached * piety under Lugonu
   609 | D:1      | Reached skill level 4 in Fighting
   870 | D:1      | Reached XP level 3. HP: 29/30 MP: 4/4
  1082 | D:1      | Found a faded altar of an unknown god.
  1649 | D:2      | Reached skill level 5 in Fighting
  1649 | D:2      | Reached XP level 4. HP: 34/39 MP: 5/5
  1811 | D:2      | Reached ** piety under Lugonu
  2046 | D:2      | Noticed Jessica
  2056 | D:2      | Killed Jessica
  2068 | D:2      | Noticed Robin
  2184 | D:2      | Killed Robin
  2185 | D:2      | Reached XP level 5. HP: 29/46 MP: 6/6
  2365 | D:3      | Found a transporter.
  2382 | D:3      | Found a transporter.
  2560 | D:3      | Noticed a sky beast
  2617 | D:3      | Killed a sky beast
  2618 | D:3      | Reached skill level 6 in Fighting
  2762 | D:3      | Reached XP level 6. HP: 50/53 MP: 7/7
  2958 | D:3      | Noticed Anothat's ghost (amateur GnWr)
  3129 | D:4      | Reached skill level 7 in Fighting
  3164 | D:4      | Identified the +2 cloak of the Known World {Harm rF- Str+9
                  | Int-3}
  3183 | D:4      | Noticed Dowan
  3362 | D:4      | Killed Dowan
  3363 | D:4      | Reached skill level 1 in Long Blades
  3640 | D:4      | Reached XP level 7. HP: 60/60 MP: 8/8
  3756 | D:4      | Noticed Duvessa
  4724 | D:4      | Mangled by Duvessa

Illustrated notes

Levels and vault maps discovered:
D:1:      scummos_arrival_star, layout_basic,
          hellmonk_ecumenical_altar_pennies_from_heaven, minmay_hexomino_u4
D:2:      layout_rooms, st_stairs_5, uniq_jessica, uniq_robin
D:3:      layout_rooms, gammafunk_ghost_stat_death
D:4:      layout_loops_corners, uniq_menkaure, uniq_pikel, uniq_duvessa

Skill      XL: |  1  2  3  4  5  6 |
---------------+-------------------+-----
Fighting       | 4 5 6 7 |  7.2
Long Blades    | 1 |  1.5
Armour         | 2 |  2.4
Short Blades   | |  1.5
Dodging        | |  0.7
Invocations    | |  1.5

Action                   |  1- 3 |  4- 6 |  7- 9 || total
-------------------------+-------+-------+-------++-------
Melee: Short sword       |   151 |   127 |     6 ||   284
Throw: Dart              |     3 |     1 |     1 ||     5
Invok: Depart the Abyss  |     1 |       |       ||     1
Armor: Leather armour    |     8 |       |       ||     8
       Ring mail         |    72 |    46 |     2 ||   120
Dodge: Dodged            |    90 |    50 |     3 ||   143
